MLB
SAN FRANCISCO GIANTS @ TEXAS RANGERS
08/22/2046
 
TOP OF THE 1ST
San Francisco Giants batting - Pitching for Texas Rangers : LHP Wayne Perry
Pitching: LHP Wayne Perry
Batting: RHB Nick Rigden 0-0: Called Strike
0-1: Swinging Strike
0-2: Ball
1-2: Ball
2-2: Foul Ball, location: 2F
2-2: SOLO HOME RUN (Flyball, 78XD, EV 110.6 MPH), Distance : 409 ft
Batting: SHB Ryan Doss 0-0: Foul Ball, location: 2F
0-1: Foul Ball, location: 2F
0-2: Ground out 3-1 (Groundball, 13, EV 83.8 MPH)
Batting: RHB Sean Zielinski 0-0: Ball
1-0: Ball
2-0: Called Strike
2-1: TRIPLE (Flyball, 78XD, EV 97.5 MPH)
Batting: LHB Jack Henningar 0-0: Ball
1-0: Foul Ball, location: 2F
1-1: Ball
2-1: Ball
3-1: Swinging Strike
3-2: Foul Ball, location: 2F
3-2: Foul Ball, location: 2F
3-2: Foul Ball, location: 2F
3-2: Base on Balls
Batting: RHB Nate Hodson 0-0: Swinging Strike
0-1: Ball
1-1: Called Strike
1-2: Ball
2-2: Strikes out swinging
Batting: LHB Carey Horncole 0-0: Called Strike
0-1: Ball
1-1: Ball
2-1: Foul Ball, location: 2F
2-2: Ball
3-2: SINGLE (Groundball, 6MD, EV 103.1 MPH)
Sean Zielinski scores
Jack Henningar to second
Jack Henningar to third
Batting: RHB Martin Guerrero 0-0: SINGLE (Groundball, 34D, EV 103.8 MPH)
Jack Henningar scores
Carey Horncole to second
Runner from 2nd tries for 3rd, SAFE, throw by RF made to third
Batting: LHB Tom Best 0-0: SINGLE (Groundball, 34S, EV 68.1 MPH) (infield hit)
Carey Horncole scores
Martin Guerrero to second
Batting: RHB John Creel 0-0: Called Strike
0-1: Foul Ball, location: 2F
0-2: Ball
1-2: Foul Ball, location: 2F
1-2: Foul Ball, location: 2F
1-2: Ball
2-2: Strikes out looking
Top of the 1st over - 4 runs, 5 hits, 0 errors, 2 left on base; San Francisco 4 - Texas 0
BOTTOM OF THE 1ST
Texas Rangers batting - Pitching for San Francisco Giants : RHP Ricky Rodriguez
Pitching: RHP Ricky Rodriguez
Batting: LHB Sean Geisler 0-0: Called Strike
0-1: Ground out U3 (Groundball, 23, EV 94.4 MPH)
Batting: SHB John Giesbrecht 0-0: Called Strike
0-1: SOLO HOME RUN (Line Drive, 89XD, EV 112.5 MPH), Distance : 429 ft
Batting: RHB Bobby Ayala 0-0: Foul Ball, location: 2F
0-1: Ball
1-1: Ball
2-1: Foul Ball, location: 2F
2-2: Strikes out swinging
Batting: SHB Jun Tsuda 0-0: Ball
1-0: Ball
2-0: Called Strike
2-1: Foul Ball, location: 2F
2-2: Ball
3-2: Base on Balls
Batting: SHB Moe Lester 0-0: Ball
1-0: Called Strike
1-1: Called Strike
1-2: DOUBLE (Line Drive, 5D, EV 95.0 MPH)
Jun Tsuda to third
Runner from 3rd tries for Home, throw by LF and OUT! 7-6-2
Bottom of the 1st over - 1 run, 2 hits, 0 errors, 1 left on base; San Francisco 4 - Texas 1
TOP OF THE 2ND
San Francisco Giants batting - Pitching for Texas Rangers : LHP Wayne Perry
Batting: RHB Nick Rigden 0-0: Ball
1-0: Ball
2-0: Called Strike
2-1: Ball
3-1: Swinging Strike
3-2: Base on Balls
Batting: SHB Ryan Doss 0-0: Called Strike
0-1: Called Strike
0-2: Ball
1-2: Foul Ball, location: 2F
1-2: Ball
2-2: Strikes out swinging
Batting: RHB Sean Zielinski 0-0: Ball
1-0: Foul Ball, location: 2F
1-1: Swinging Strike
1-2: Foul Ball, location: 2F
1-2: 2-RUN HOME RUN (Flyball, 9D, EV 96.9 MPH), Distance : 367 ft
Batting: LHB Jack Henningar 0-0: Ball
1-0: Called Strike
1-1: Ball
2-1: Foul Ball, location: 2F
2-2: SINGLE (Groundball, 34D, EV 107.5 MPH)
Batting: RHB Nate Hodson 0-0: Called Strike
Jack Henningar steals 2nd base
0-1: Ball
1-1: Fly out, F8 (Flyball, 8LM, EV 95.0 MPH)
Batting: LHB Carey Horncole 0-0: Called Strike
0-1: Ball
1-1: Ball
2-1: Foul Ball, location: 2F
2-2: Foul Ball, location: 2F
2-2: Strikes out swinging
Top of the 2nd over - 2 runs, 2 hits, 0 errors, 1 left on base; San Francisco 6 - Texas 1
BOTTOM OF THE 2ND
Texas Rangers batting - Pitching for San Francisco Giants : RHP Ricky Rodriguez
Batting: LHB Cody Schumacher 0-0: Ball
1-0: Foul Ball, location: 2F
1-1: Swinging Strike
1-2: Ball
2-2: Ball
3-2: Strikes out swinging
Batting: SHB Tze-meng Gan 0-0: Called Strike
0-1: Swinging Strike
0-2: Strikes out swinging
Batting: LHB Andy Bowman 0-0: Called Strike
0-1: Ground out 6-3 (Groundball, 56, EV 83.8 MPH)
Bottom of the 2nd over - 0 runs, 0 hits, 0 errors, 0 left on base; San Francisco 6 - Texas 1
TOP OF THE 3RD
San Francisco Giants batting - Pitching for Texas Rangers : LHP Wayne Perry
Batting: RHB Martin Guerrero 0-0: Swinging Strike
0-1: Ground out 6-3 (Groundball, 56, EV 105.0 MPH)
Batting: LHB Tom Best 0-0: Ball
1-0: Ball
2-0: Ground out 4-3 (Groundball, 4, EV 90.6 MPH)
Batting: RHB John Creel 0-0: Fly out, F7 (Flyball, BS1, EV 100.0 MPH)
Top of the 3rd over - 0 runs, 0 hits, 0 errors, 0 left on base; San Francisco 6 - Texas 1
BOTTOM OF THE 3RD
Texas Rangers batting - Pitching for San Francisco Giants : RHP Ricky Rodriguez
Batting: RHB Ray Llewellyn 0-0: Called Strike
0-1: Ball
1-1: Ball
2-1: Ball
3-1: Foul Ball, location: 2F
3-2: DOUBLE (Line Drive, 89D, EV 113.1 MPH)
Batting: LHB Sean Geisler 0-0: Ball
1-0: Ball
2-0: Ball
3-0: Base on Balls
Batting: SHB John Giesbrecht 0-0: Called Strike
0-1: Swinging Strike
0-2: Ball
1-2: Foul Ball, location: 2F
1-2: Foul Ball, location: 2F
1-2: DOUBLE (Flyball, 8RXD, EV 88.1 MPH)
Ray Llewellyn scores
Sean Geisler to third
Batting: RHB Bobby Ayala 0-0: Called Strike
0-1: Foul Ball, location: 2F
0-2: Strikes out swinging
Batting: SHB Jun Tsuda 0-0: Foul Ball, location: 2F
0-1: Fly out, F4 (Line Drive, 4, EV 69.4 MPH)
Batting: SHB Moe Lester 0-0: Called Strike
0-1: Ball
1-1: Foul Ball, location: 2F
1-2: Ball
2-2: Ball
3-2: Fly out, F7 (Line Drive, 7D, EV 93.8 MPH)
Bottom of the 3rd over - 1 run, 2 hits, 0 errors, 2 left on base; San Francisco 6 - Texas 2
TOP OF THE 4TH
San Francisco Giants batting - Pitching for Texas Rangers : LHP Wayne Perry
Pitching: RHP Hector Aguado
Batting: RHB Nick Rigden 0-0: Called Strike
0-1: Ball
1-1: Fly out, F7 (Flyball, 78M, EV 97.5 MPH)
Batting: SHB Ryan Doss 0-0: Called Strike
0-1: Swinging Strike
0-2: Ball
1-2: Strikes out swinging
Batting: RHB Sean Zielinski 0-0: Swinging Strike
0-1: Foul Ball, location: 2F
0-2: Strikes out swinging
Top of the 4th over - 0 runs, 0 hits, 0 errors, 0 left on base; San Francisco 6 - Texas 2
BOTTOM OF THE 4TH
Texas Rangers batting - Pitching for San Francisco Giants : RHP Ricky Rodriguez
Batting: LHB Cody Schumacher 0-0: Ball
1-0: Swinging Strike
1-1: Foul Ball, location: 2F
1-2: Strikes out swinging
Batting: SHB Tze-meng Gan 0-0: Ball
1-0: Ball
2-0: Called Strike
2-1: Swinging Strike
2-2: Strikes out looking
Batting: LHB Andy Bowman 0-0: Ball
1-0: SINGLE (Line Drive, 9S, EV 94.4 MPH)
Batting: RHB Ray Llewellyn 0-0: Ball
1-0: Foul Ball, location: 2F
1-1: Ball
2-1: Called Strike
2-2: Ground out 5-3 (Groundball, 56S, EV 71.2 MPH)
Bottom of the 4th over - 0 runs, 1 hit, 0 errors, 1 left on base; San Francisco 6 - Texas 2
TOP OF THE 5TH
San Francisco Giants batting - Pitching for Texas Rangers : RHP Hector Aguado
Batting: LHB Jack Henningar 0-0: Ball
1-0: Ball
2-0: Ball
3-0: Called Strike
3-1: Called Strike
3-2: Base on Balls
Batting: RHB Nate Hodson 0-0: Called Strike
Jack Henningar steals 2nd base
0-1: Ball
1-1: Foul Ball, location: 2F
1-2: Ball
2-2: Strikes out swinging
Batting: LHB Carey Horncole 0-0: Ball
1-0: Called Strike
1-1: Ball
2-1: Swinging Strike
2-2: Foul Ball, location: 2F
2-2: Ball
3-2: Strikes out looking
Batting: RHB Martin Guerrero 0-0: Swinging Strike
0-1: Called Strike
0-2: Ball
1-2: Strikes out swinging
Top of the 5th over - 0 runs, 0 hits, 0 errors, 1 left on base; San Francisco 6 - Texas 2
BOTTOM OF THE 5TH
Texas Rangers batting - Pitching for San Francisco Giants : RHP Ricky Rodriguez
Batting: LHB Sean Geisler 0-0: Ball
1-0: Called Strike
1-1: Foul Ball, location: 2F
1-2: Foul Ball, location: 2F
1-2: Ball
2-2: Ball
3-2: Foul Ball, location: 2F
3-2: Ground out 1-3 (Groundball, P, EV 75.6 MPH)
Batting: SHB John Giesbrecht 0-0: Ball
1-0: Called Strike
1-1: Ball
2-1: Ball
3-1: Foul Ball, location: 2F
3-2: Base on Balls
Batting: RHB Bobby Ayala 0-0: Grounds into double play, 6-4-3 (Groundball, 6S, EV 81.9 MPH)
Bottom of the 5th over - 0 runs, 0 hits, 0 errors, 0 left on base; San Francisco 6 - Texas 2
TOP OF THE 6TH
San Francisco Giants batting - Pitching for Texas Rangers : RHP Hector Aguado
Batting: LHB Tom Best 0-0: Ball
1-0: Called Strike
1-1: Ball
2-1: Ground out 6-3 (Groundball, 4MS, EV 67.5 MPH)
Batting: RHB John Creel 0-0: Called Strike
0-1: Ball
1-1: Ball
2-1: DOUBLE (Flyball, 89XD, EV 109.4 MPH)
Batting: RHB Nick Rigden 0-0: Swinging Strike
0-1: Ball
1-1: Ball
2-1: Swinging Strike
2-2: Strikes out swinging
Batting: SHB Ryan Doss 0-0: Ball
1-0: Ball
Wild Pitch!
John Creel to third
2-0: Foul Ball, location: 2F
2-1: Ball
3-1: Base on Balls
Batting: RHB Sean Zielinski 0-0: Ball
1-0: Foul Ball, location: 2F
1-1: Foul Ball, location: 2F
1-2: Foul Ball, location: 2F
1-2: Fly out, F5 (Popup, 5SF, EV 72.5 MPH)
Top of the 6th over - 0 runs, 1 hit, 0 errors, 2 left on base; San Francisco 6 - Texas 2
BOTTOM OF THE 6TH
Texas Rangers batting - Pitching for San Francisco Giants : RHP Ricky Rodriguez
Batting: SHB Jun Tsuda 0-0: Ground out 4-3 (Groundball, 4, EV 86.2 MPH)
Batting: SHB Moe Lester 0-0: Ground out 4-3 (Groundball, 3D, EV 88.1 MPH)
Batting: LHB Cody Schumacher 0-0: Called Strike
0-1: Called Strike
0-2: Ground out U3 (Groundball, 3, EV 83.8 MPH)
Bottom of the 6th over - 0 runs, 0 hits, 0 errors, 0 left on base; San Francisco 6 - Texas 2
TOP OF THE 7TH
San Francisco Giants batting - Pitching for Texas Rangers : RHP Hector Aguado
Pitching: RHP Travis Lakatos
Batting: LHB Jack Henningar 0-0: Called Strike
0-1: Ball
1-1: Ball
2-1: Called Strike
2-2: Ball
3-2: Base on Balls
Batting: RHB Nate Hodson 0-0: Ball
Pickoff Play to 1st, Runner tries for 2nd, OUT after rundown.
1-0: SOLO HOME RUN (Flyball, 7D, EV 105.6 MPH), Distance : 380 ft
Batting: LHB Carey Horncole 0-0: Hit by Pitch
Batting: RHB Martin Guerrero 0-0: Ball
1-0: Ball
2-0: Called Strike
2-1: Ball
3-1: Called Strike
3-2: Foul Ball, location: 2F
3-2: Foul Ball, location: 2F
3-2: Fly out, F9 (Flyball, 89S, EV 82.5 MPH)
Batting: LHB Tom Best 0-0: TRIPLE (Line Drive, 89XD, EV 102.5 MPH)
Carey Horncole scores
Batting: RHB John Creel 0-0: Called Strike
0-1: Foul Ball, location: 2F
0-2: Ground out 5-3 (Groundball, 56S, EV 82.5 MPH)
Top of the 7th over - 2 runs, 2 hits, 0 errors, 1 left on base; San Francisco 8 - Texas 2
BOTTOM OF THE 7TH
Texas Rangers batting - Pitching for San Francisco Giants : RHP Ricky Rodriguez
Pitching: LHP Tyler Stancil
Batting: SHB Tze-meng Gan 0-0: Called Strike
0-1: Swinging Strike
0-2: Foul Ball, location: 2F
0-2: Ground out 4-3 (Groundball, 34, EV 95.6 MPH)
Pinch Hitting: RHB Adriaan Boessenkool 0-0: Ball
1-0: Called Strike
1-1: SINGLE (Line Drive, 78M, EV 90.0 MPH)
Batting: RHB Ray Llewellyn 0-0: Ball
1-0: Ball
2-0: Ball
3-0: Base on Balls
Adriaan Boessenkool to second
Batting: LHB Sean Geisler 0-0: Foul Ball, location: 2F
0-1: Grounds into double play, 4-6-3 (Groundball, 4, EV 83.8 MPH)
Bottom of the 7th over - 0 runs, 1 hit, 0 errors, 1 left on base; San Francisco 8 - Texas 2
TOP OF THE 8TH
San Francisco Giants batting - Pitching for Texas Rangers : RHP Travis Lakatos
Now in RF: Adriaan Boessenkool
Batting: RHB Nick Rigden 0-0: Called Strike
0-1: Called Strike
0-2: Foul Ball, location: 2F
0-2: Ball
1-2: SINGLE (Line Drive, 6D, EV 104.4 MPH)
Batting: SHB Ryan Doss 0-0: Ball
1-0: Foul Ball, location: 2F
1-1: Ball
2-1: Ball
3-1: Base on Balls
Nick Rigden to second
Batting: RHB Sean Zielinski 0-0: Foul Ball, location: 2F
0-1: Foul Ball, location: 2F
0-2: Ball
1-2: Ball
2-2: Ball
3-2: Foul Ball, location: 2F
3-2: Base on Balls
Nick Rigden to third
Ryan Doss to second
Batting: LHB Jack Henningar 0-0: Called Strike
0-1: Ball
1-1: Ball
2-1: Foul Ball, location: 2F
2-2: Ball
3-2: Foul Ball, location: 2F
3-2: SINGLE (Groundball, 4M, EV 100.6 MPH) (infield hit)
Nick Rigden scores
Ryan Doss to third
Sean Zielinski to second
Batting: RHB Nate Hodson 0-0: Called Strike
0-1: Foul Ball, location: 3F, Error on foul ball, E3
0-2: Ball
1-2: Strikes out looking
Pinch Hitting: RHB Tyler Mapes 0-0: Ball
1-0: Foul Ball, location: 2F
1-1: Ball
2-1: Called Strike
2-2: Fly out, F3 (Popup, 3F, EV 78.1 MPH)
Batting: RHB Martin Guerrero 0-0: Ground out 6-3 (Groundball, 6MD, EV 105.6 MPH)
Top of the 8th over - 1 run, 2 hits, 1 error, 3 left on base; San Francisco 9 - Texas 2
BOTTOM OF THE 8TH
Texas Rangers batting - Pitching for San Francisco Giants : LHP Tyler Stancil
Now at 3B: Tyler Mapes
Now at SS: Ryan Doss
Batting: SHB John Giesbrecht 0-0: Ball
1-0: Foul Ball, location: 2F
1-1: Ball
2-1: Foul Ball, location: 2F
2-2: Ball
3-2: Foul Ball, location: 2F
3-2: Strikes out swinging
Batting: RHB Bobby Ayala 0-0: Ball
1-0: Ground out 5-3 (Groundball, 56, EV 100.0 MPH)
Batting: SHB Jun Tsuda 0-0: Swinging Strike
0-1: Ball
1-1: Swinging Strike
1-2: Fly out, F8 (Flyball, 78M, EV 84.4 MPH)
Bottom of the 8th over - 0 runs, 0 hits, 0 errors, 0 left on base; San Francisco 9 - Texas 2
TOP OF THE 9TH
San Francisco Giants batting - Pitching for Texas Rangers : RHP Travis Lakatos
Batting: LHB Tom Best 0-0: Called Strike
0-1: SOLO HOME RUN (Flyball, 89XD, EV 98.8 MPH), Distance : 390 ft
Batting: RHB John Creel 0-0: Called Strike
0-1: Ball
1-1: Foul Ball, location: 2F
1-2: Foul Ball, location: 2F
1-2: Strikes out looking
Batting: RHB Nick Rigden 0-0: Ball
1-0: Ball
2-0: SOLO HOME RUN (Flyball, 7LD, EV 98.8 MPH), Distance : 356 ft
Pitching: RHP Josh Sabatino
Batting: SHB Ryan Doss 0-0: Ball
1-0: Ball
2-0: Ball
3-0: Called Strike
3-1: Base on Balls
Batting: RHB Sean Zielinski 0-0: Ball
1-0: Ball
2-0: Swinging Strike
2-1: Ball
3-1: Foul Ball, location: 2F
3-2: Base on Balls
Ryan Doss to second
Batting: LHB Jack Henningar 0-0: Ball
1-0: Ball
2-0: Called Strike
2-1: Ball
3-1: Base on Balls
Ryan Doss to third
Sean Zielinski to second
Batting: RHB Nate Hodson 0-0: Ball
1-0: Foul Ball, location: 2F
1-1: Ball
2-1: Ball
3-1: Foul Ball, location: 2F
3-2: Base on Balls
Ryan Doss scores
Sean Zielinski to third
Jack Henningar to second
Batting: RHB Tyler Mapes 0-0: Ball
1-0: Called Strike
1-1: SINGLE (Line Drive, 89S, EV 85.0 MPH)
Sean Zielinski scores
Jack Henningar to third
Nate Hodson to second
Batting: RHB Martin Guerrero 0-0: Foul Ball, location: 2F
0-1: Ball
1-1: Foul Ball, location: 2F
1-2: Ball
2-2: Ball
3-2: Grounds into double play, 6-4-3 (Groundball, 6, EV 108.1 MPH)
Top of the 9th over - 4 runs, 3 hits, 0 errors, 2 left on base; San Francisco 13 - Texas 2
BOTTOM OF THE 9TH
Texas Rangers batting - Pitching for San Francisco Giants : LHP Tyler Stancil
Batting: SHB Moe Lester 0-0: Ball
1-0: Ground out 5-3 (Groundball, 56S, EV 66.2 MPH)
Pinch Hitting: RHB Butch Kaiser 0-0: Called Strike
0-1: Ground out 6-3 (Groundball, 6, EV 86.9 MPH)
Batting: SHB Tze-meng Gan 0-0: Ball
1-0: Ball
2-0: Foul Ball, location: 2F
2-1: Ball
3-1: Swinging Strike
3-2: Base on Balls
Batting: RHB Adriaan Boessenkool 0-0: Ball
1-0: Ball
2-0: SINGLE (Groundball, 4MD, EV 81.2 MPH) (infield hit)
Tze-meng Gan to second
Pitching: RHP Nicolas Coppola II
Batting: RHB Ray Llewellyn 0-0: Swinging Strike
0-1: Swinging Strike
0-2: Ball
1-2: Strikes out swinging
Bottom of the 9th over - 0 runs, 1 hit, 0 errors, 2 left on base; San Francisco 13 - Texas 2
Tuesday, September 13th , 2022 - OOTP Baseball 23.7 Build 88